 Dungeon Crawl Stone Soup version 0.31-a0-538-gbc85326fa9 (webtiles) character file.

Game seed: 13687795234172382081

53068 Iich the Severer (level 14, -2/133 HPs)
             Began as a Hill Orc Fighter on Aug 14, 2023.
             Was the Champion of Okawaru.
             Slain by a death yak (16 damage)
             ... on level 5 of the Lair of Beasts.
             The game lasted 00:39:04 (13662 turns).

Iich the Severer (Hill Orc Fighter)                Turns: 13662, Time: 00:39:05

Health: -2/133     AC: 31    Str: 20    XL:     14   Next: 66%
Magic:  14/14      EV: 15    Int: 14    God:    Okawaru [******]
Gold:   790        SH:  0    Dex: 14    Spells: 13/13 levels left

rFire   + . .        K - +5 Lochaber axe {reach-cleave, Poleaxe Drain}
rCold   + + .        (shield currently unavailable)
rNeg    . . .        Q - +18 Lear's hauberk
rPois   .            (helmet currently unavailable)
rElec   .            S - scarf {rC+ rF+}
rCorr   .            (gloves currently unavailable)
SInv    .            (boots currently unavailable)
Will    +....        x - amulet of Vitality {RegenMP++ Regen++} Stlth
                     b - +6 ring of intelligence
HPRegen 2.02/turn    I - ring of protection from cold
MPRegen 0.94/turn

%: no passive effects
@: heroic, very slow
A: no striking features
a: Renounce Religion, Heroism, Finesse, Duel


You were on level 5 of the Lair of Beasts.
You worshipped Okawaru.
Okawaru was exalted by your worship.
You visited 3 branches of the dungeon, and saw 17 of its levels.
You also visited: Sewer.

You collected 1056 gold pieces.
You spent 266 gold pieces at shops.

Inventory:

Hand Weapons
 K - the +5 Lochaber axe (weapon) {reach-cleave, Poleaxe Drain}
   (You found it on level 11 of the Dungeon)

   Poleaxe:   It uses either Axes or Polearms skill, whichever is higher.
   Drain:     It drains your maximum health when unequipped.
 L - a +1 broad axe of venom
 N - the +6 shillelagh "Devastator" {shatter}
   (You found it on level 10 of the Dungeon)
Missiles
 M - 4 throwing nets
Armour
 f - the +4 buckler of Zafeunkatzo {Str+5}
   (You bought it in a shop on level 8 of the Dungeon)

   Str+5:     It affects your strength (+5).
 p - the +5 chain mail of Day {rElec rF- Str+6 SInv}
   (You found it on level 2 of the Dungeon)

   Str+6:     It affects your strength (+6).
   rF-:       It makes you vulnerable to fire.
   rElec:     It insulates you from electricity.
   SInv:      It lets you see invisible.
 A - a +2 helmet
 J - a +2 cloak of preservation
 P - a +1 pair of gloves
 Q - the +18 Lear's hauberk (worn)
   (You found it on level 8 of the Dungeon)
 S - a scarf of resistance (worn)
Jewellery
 b - a +6 ring of intelligence (left hand)
 k - an amulet of faith
 x - the amulet of Vitality (around neck) {RegenMP++ Regen++}
   (You found it on level 6 of the Dungeon)

   [amulet of magic regeneration]

   RegenMP:   It increases your rate of magic regeneration.
   Regen++:   It increases your rate of health regeneration.
 G - an amulet of the acrobat
 I - a ring of protection from cold (right hand)
Talismans
 o - a maw talisman
Wands
 c - a wand of paralysis (18)
 v - a wand of light (5)
 w - a wand of flame (22)
 D - a wand of digging (2)
 E - a wand of roots (22)
Scrolls
 a - a scroll of immolation
 g - a scroll of fear
 m - 3 scrolls of fog
 s - a scroll of vulnerability
 t - 8 scrolls of teleportation
 y - 2 scrolls of enchant armour
 B - 2 scrolls of blinking
 C - a scroll of summoning
 R - a scroll of revelation
 T - a scroll of torment
Potions
 d - 2 potions of might
 h - 3 potions of haste
 j - a potion of attraction
 l - a potion of heal wounds
 n - a potion of resistance
 q - 3 potions of curing
 u - a potion of ambrosia
 z - 4 potions of enlightenment
 F - a potion of cancellation {unknown}
 H - 2 potions of invisibility
 O - a potion of berserk rage
 U - a potion of lignification


   Skills:
 + Level 14.9(19.9) Fighting
 + Level 15.0(20.7) Axes
 - Level 6.0(15.2) Maces & Flails
 + Level 9.1(14.1) Armour
 - Level 10.0(15.0) Dodging
 - Level 6.3(11.3) Shields
 - Level 8.0 Shapeshifting


You had 13 spell levels left.
You didn't know any spells.
Your spell library contained the following spells:

 Spells                   Type           Power      Damage    Failure   Level
 Apportation              Tloc           0%         N/A       78%         1
 Freeze                   Ice            0%         1d3       78%         1
 Magic Dart               Conj           0%         1d3       78%         1
 Necrotise                Necr           0%         1d4       78%         1
 Blink                    Tloc           0%         N/A       89%         2
 Ensorcelled Hibernation  Hex/Ice        0%         N/A       89%         2
 Lesser Beckoning         Tloc           0%         N/A       89%         2
 Momentum Strike          Conj/Tloc      0%         3d8       89%         2
 Passwall                 Tmut/Erth      0%         N/A       89%         2
 Scorch                   Fire           0%         2d5       89%         2
 Wereblood                Tmut           0%         N/A       89%         2
 Frozen Ramparts          Ice            0%         1d1       98%         3
 Hailstorm                Conj/Ice       0%         3d3       98%         3
 Inner Flame              Hex/Fire       0%         N/A       98%         3
 Ozocubu's Armour         Ice            0%         N/A       98%         3
 Swiftness                Air            0%         N/A       98%         3
 Flame Wave               Conj/Fire      0%         2d4       100%        4
 Sticky Flame             Conj/Fire      0%         2d3       100%        4
 Irradiate                Conj/Tmut      0%         3d11      100%        5
 Metabolic Englaciation   Hex/Ice        0%         N/A       100%        5
 Ozocubu's Refrigeration  Ice            0%         4d7       100%        7
 Summon Small Mammal      Summ           Unusable   N/A       N/A         1
 Simulacrum               Ice/Necr       Unusable   N/A       N/A         6
 Summon Cactus Giant      Summ           Unusable   N/A       N/A         6

Dungeon Overview and Level Annotations

Branches:
Dungeon (11/15)            Temple (1/1) D:4            Lair (5/5) D:9
 Shoals (0/4) Lair:3        Snake (0/4) Lair:2          Orc (0/2) D:11
  Sewer (visited)
  Slime: Lair:4-5

Altars:
Ashenzari
Cheibriados
Dithmenos
Elyvilon
Fedhas
Gozag
Hepliaklqana
Kikubaaqudgha
Makhleb
Nemelex Xobeh
Okawaru
Qazlal
Ru
Sif Muna
Trog
Uskayaw
Vehumet
Wu Jian
Xom
Yredelemnul
Zin
The Shining One

Shops:
D:8 [


Message History

Your unstable footing causes you to fumble your attack.
The death yak barely misses you. The death yak gores you.
* * * LOW HITPOINT WARNING * * *
The death yak gores you!
* * * LOW HITPOINT WARNING * * *
You take 9 damage, and have 43/133 hp.
Unknown command.
Your unstable footing causes you to fumble your attack.
The death yak gores you but does no damage.
The death yak barely misses you.
The death yak gores you but does no damage. x2
The death yak gores you!
* * * LOW HITPOINT WARNING * * *
The death yak gores you but does no damage.
You take 7 damage, and have 36/133 hp.
You gain the combat prowess of a mighty hero.
The death yak gores you!
* * * LOW HITPOINT WARNING * * *
The death yak gores you but does no damage. x2
You take 10 damage, and have 26/133 hp.
You now have 13/14 mp.
Your unstable footing causes you to fumble your attack.
The death yak closely misses you. The death yak barely misses you.
The death yak closely misses you.
You regained 2 hp, and now have 28/133 hp.
MP restored: 14 Unknown command.
Unknown command.
You slash the death yak!
The death yak is heavily wounded.
You hit the death yak but do no damage. You barely miss the death yak.
The death yak gores you!
* * * LOW HITPOINT WARNING * * *
The death yak gores you but does no damage. x2
You take 6 damage, and have 22/133 hp.
Your unstable footing causes you to fumble your attack.
The death yak gores you but does no damage.
The death yak gores you!
* * * LOW HITPOINT WARNING * * *
The death yak gores you!
You die...

.......P..###
P..~...~.~.~#
#P..~~~~~~~~##
#P.~~≈~≈≈~~~.##
#~.~≈≈~~~~≈~.P#
~#~~~~...≈≈~.##
..~≈≈≈.<.~≈~~.#
...~≈~~~~~~~.~#
...~≈≈≈~≈≈@Y.##
#..~~~≈≈≈≈YY..#
##...~~~≈~.~...#
##...~...........
#.#.........####.
..........###
.#........
.........


You could see 3 death yaks.

Vanquished Creatures
  An ettin (D:11)
  Harold (D:10)
  3 hydras
  2 boulder beetles (Lair:4)
  2 catoblepae (Lair:4)
  4 two-headed ogres
  2 tengu warriors
  10 death yaks
  A deep elf knight (D:11)
  Jeremiah (D:8)
  3 orc knights (D:11)
  A lindwurm (Lair:2)
  A phantasmal warrior (D:11)
  Pikel (D:8)
  A salamander (Lair:2)
  Maurice (D:8)
  2 black mambas
  Joseph (D:8)
  10 cane toads
  3 gargoyles (D:11)
  A kobold demonologist (D:10)
  5 komodo dragons
  3 rime drakes
  3 trolls
  A hornet (D:9)
  8 blink frogs (Lair:3)
  Sigmund (D:6)
  6 wyverns
  A shadow (D:9)
  3 ynoxinuls (D:9)
  A wraith (D:9)
  36 yaks
  6 basilisks
  A steam dragon (D:9)
  2 vampire mosquitoes (D:11)
  2 nagas (Lair:2)
  An acid dragon (D:8)
  14 water moccasins
  4 ice beasts
  A sky beast (D:7)
  8 orc warriors
  4 black bears
  2 ogres (D:6)
  A centaur (D:10)
  3 phantoms
  3 kobold brigands
  16 bullfrogs
  A gnoll sergeant (D:11)
  2 scorpions
  15 wights
  12 killer bees
  4 howler monkeys
  2 electric eels
  3 hounds
  8 orc priests
  A jelly (D:5)
  A gnoll bouda (D:6)
  7 hell rats (Lair:2)
  3 iguanas (D:5)
  15 orc wizards
  A malarious merfolk avatar (Sewer)
  A sickly merfolk siren (Sewer)
  A hound zombie (D:4)
  10 adders
  8 gnolls
  6 river rats
  10 ufetubi (D:9)
  3 adder zombies (D:4)
  4 worms
  9 dart slugs
  60 orcs
  12 ball pythons
  11 endoplasms
  4 giant cockroaches
  6 goblins
  7 hobgoblins
  4 quokkas
  4 bats
  11 frilled lizards
  A jackal zombie (D:4)
  24 kobolds
  A quokka zombie (D:8)
  30 rats
  A rat zombie (D:8)
491 creatures vanquished.

Vanquished Creatures (others)
  2 dart slugs (D:6)
2 creatures vanquished.

Grand Total: 493 creatures vanquished

Notes
Turn   | Place    | Note
-------+----------+-------------------------------------------
     0 | D:1      | Iich the Hill Orc Fighter began the quest for the Orb.
     0 | D:1      | Reached XP level 1. HP: 19/19 MP: 1/1
   181 | D:1      | Reached skill level 3 in Axes
   181 | D:1      | Reached XP level 2. HP: 27/27 MP: 2/2
   323 | D:1      | Reached skill level 1 in Dodging
   415 | D:1      | Reached XP level 3. HP: 33/33 MP: 3/3
   830 | D:2      | Identified the +5 chain mail of Day {rElec rF- Str+6 SInv}
   871 | D:2      | Found a faded altar of an unknown god.
  1215 | D:3      | Noticed a scorpion
  1221 | D:3      | Killed a scorpion
  1222 | D:3      | Reached skill level 4 in Axes
  1222 | D:3      | Reached XP level 4. HP: 34/41 MP: 4/4
  1273 | D:3      | Reached XP level 5. HP: 31/47 MP: 5/5
  1486 | D:3      | Reached skill level 5 in Fighting
  2003 | D:3      | Found a snail-covered altar of Cheibriados.
  2009 | D:3      | Reached skill level 5 in Axes
  2027 | D:3      | Found a radiant altar of Vehumet.
  2031 | D:3      | Found a shimmering blue altar of Sif Muna.
  2031 | D:3      | Found an ancient bone altar of Kikubaaqudgha.
  2038 | D:3      | Got Vehumet's Vellum of Attacks
  2194 | D:4      | Reached XP level 6. HP: 51/56 MP: 6/6
  2536 | D:4      | Found a glowing drain.
  2551 | Sewer    | Entered a sewer
  2908 | Sewer    | Identified the +7 dagger of the Secret Moons {freeze,
                  | +Blink rElec rN+}
  3463 | D:4      | Reached XP level 7. HP: 63/63 MP: 7/7
  3513 | D:4      | Reached skill level 6 in Axes
  3566 | D:4      | Found a staircase to the Ecumenical Temple.
  3572 | Temple   | Entered the Ecumenical Temple
  3587 | Temple   | Became a worshipper of Warmaster Okawaru
  3636 | D:4      | Found a basalt altar of Yredelemnul.
  3698 | D:4      | Found a stormy altar of Qazlal.
  3984 | D:5      | Entered Level 5 of the Dungeon
  4187 | D:5      | Reached skill level 1 in Shapeshifting
  4239 | D:5      | Reached * piety under Okawaru
  4333 | D:5      | Reached XP level 8. HP: 65/71 MP: 8/8
  4799 | D:6      | Reached skill level 7 in Axes
  4878 | D:6      | Reached ** piety under Okawaru
  5180 | D:6      | Found the amulet of Vitality {RegenMP++ Regen++}
  5345 | D:6      | Reached skill level 8 in Axes
  5383 | D:6      | Reached XP level 9. HP: 81/81 MP: 9/9
  5420 | D:6      | Found a shimmering altar of Xom.
  5423 | D:6      | Found a hide-covered altar of Uskayaw.
  5432 | D:6      | Found a bloodstained altar of Trog.
  5432 | D:6      | Found an ornate altar of the Wu Jian Council.
  5432 | D:6      | Found a blossoming altar of Fedhas.
  5433 | D:6      | Found a burning altar of Makhleb.
  5433 | D:6      | Found an opulent altar of Gozag.
  5434 | D:6      | Found a shadowy altar of Dithmenos.
  5436 | D:6      | Found a broken altar of Ashenzari.
  5510 | D:6      | Noticed Sigmund
  5517 | D:6      | Killed Sigmund
  5518 | D:6      | Reached skill level 5 in Dodging
  5898 | D:7      | Reached *** piety under Okawaru
  5899 | D:7      | Reached skill level 9 in Axes
  6432 | D:7      | Reached **** piety under Okawaru
  6433 | D:7      | Reached XP level 10. HP: 91/91 MP: 10/10
  6571 | D:8      | Noticed Jeremiah
  6596 | D:8      | Noticed Joseph
  6603 | D:8      | Killed Joseph
  6604 | D:8      | Reached skill level 10 in Axes
  6625 | D:8      | Killed Jeremiah
  6703 | D:8      | Reached skill level 10 in Fighting
  6734 | D:8      | Found Titywkun's Antique Armour Shop.
  6741 | D:8      | Bought a crude buckler for 266 gold pieces
  6741 | D:8      | Identified the +4 buckler of Zafeunkatzo {Str+5} (You
                  | bought it in a shop on level 8 of the Dungeon)
  6849 | D:8      | Noticed Maurice
  6852 | D:8      | Found a sand-covered staircase.
  6854 | D:8      | Paralysed by Maurice for 3 turns
  6861 | D:8      | Killed Maurice
  6945 | D:8      | Reached skill level 5 in Shapeshifting
  6965 | D:8      | Noticed a tengu warrior
  6980 | D:8      | Killed a tengu warrior
  6980 | D:8      | Reached ***** piety under Okawaru
  6981 | D:8      | Reached skill level 11 in Axes
  6989 | D:8      | Found the +18 Lear's hauberk
  7100 | D:8      | Noticed Pikel
  7105 | D:8      | Killed Pikel
  7106 | D:8      | Reached XP level 11. HP: 101/101 MP: 11/11
  7441 | D:8      | Got the -2 pair of boots of Lugonu's Benevolence {rF+
                  | Dex+2}
  7608 | D:9      | Noticed a two-headed ogre
  7641 | D:9      | Killed a two-headed ogre
  7787 | D:9      | Received a gift from Okawaru
  7788 | D:9      | Reached skill level 12 in Axes
  8166 | D:9      | Reached XP level 12. HP: 111/111 MP: 12/12
  8211 | D:9      | Found a staircase to the Lair.
  8357 | D:10     | Entered Level 10 of the Dungeon
  8497 | D:10     | Found the +6 shillelagh "Devastator" {shatter}
  8551 | D:10     | Noticed Harold
  8565 | D:10     | Killed Harold
  8584 | D:10     | Reached skill level 1 in Maces & Flails
  8874 | D:11     | Reached ****** piety under Okawaru
  8918 | D:11     | Found a staircase to the Orcish Mines.
  9112 | D:11     | Reached XP level 13. HP: 118/118 MP: 13/13
  9792 | D:11     | Identified the +0 buckler of Bedevilment {Int+5 Stlth+}
                  | (Okawaru gifted it to you on level 11 of the Dungeon)
  9792 | D:11     | Received a gift from Okawaru
  9808 | D:11     | Noticed an ettin
  9832 | D:11     | Killed an ettin
  9880 | D:11     | Found the +5 Lochaber axe {reach-cleave, Poleaxe Drain}
 10080 | Lair:1   | Entered Level 1 of the Lair of Beasts
 10088 | Lair:1   | Reached skill level 5 in Maces & Flails
 10197 | Lair:1   | Reached skill level 13 in Axes
 10295 | Lair:1   | Reached skill level 10 in Dodging
 10999 | Lair:2   | Found a staircase to the Snake Pit.
 11246 | Lair:2   | Identified the +1 robe "Ilotuona" {-Cast Fly rC+} (Okawaru
                  | gifted it to you on level 2 of the Lair of Beasts)
 11246 | Lair:2   | Received a gift from Okawaru
 11529 | Lair:2   | Reached XP level 14. HP: 129/129 MP: 14/14
 11897 | Lair:3   | Found a staircase to the Shoals.
 12042 | Lair:3   | Identified the +5 leather armour of Mirth {rF- Dex+6}
 12473 | Lair:3   | Reached skill level 14 in Axes
 13066 | Lair:4   | Identified the +0 cloak of the Grue {-Tele rN+ Int+3}
                  | (Okawaru gifted it to you on level 4 of the Lair of Beasts)
 13066 | Lair:4   | Received a gift from Okawaru
 13639 | Lair:5   | Entered Level 5 of the Lair of Beasts
 13647 | Lair:5   | Reached skill level 15 in Axes
 13662 | Lair:5   | Slain by a death yak

Illustrated notes

Levels and vault maps discovered:
D:1:      lightli_arrival_statue_moat, layout_loops_ring,
          chequers_serial_rivers_micro_e, minmay_bisected
D:2:      layout_rooms, chequers_ecumenical_altar_simple_redux,
          hangedman_decor_opposing
D:3:      layout_rooms, grunt_temple_overflow_magic_moments, slow_altar_1,
          minmay_randomly_rotated_circles
D:4:      layout_cave_pods, nicolae_yredelemnul_corpse_copse,
          nicolae_qazlal_eye_of_the_storm, minmay_temple_entry_nine_rooms,
          cheibrodos_sewer_entry_bend
D:5:      layout_basic
D:6:      kennysheep_slugbush, layout_loops_ring, minitemple, uniq_sigmund
D:7:      layout_loops_ring
D:8:      layout_gridville, enter_ossuary_4, serial_shops, shop,
          hellmonk_guarded_unrand_lears, uniq_joseph, uniq_maurice,
          uniq_jeremiah, uniq_pikel
D:9:      layout_cave_pools, grunt_lair_entry_orc_guard_hut,
          serial_column_ruins, column_ruins_hut, column_ruins_hut_pillars,
          column_ruins_open_small, column_ruins_open_tiny,
          column_ruins_open_small, column_ruins_open_small,
          column_ruins_open_tiny, column_ruins_corridor_dead_end,
          minmay_misc_feat_more_columns, minmay_misc_feat_tower,
          nicolae_fort_ynox
D:10:     layout_rooms, uniq_harold
D:11:     layout_roguey, hiddenorc2_lemuel, hex_medium,
          nicolae_guarded_unrand_lochaber
Temple:   nicolae_temple_ecumenical_triangle
Lair:1:   layout_chaotic_city
Lair:2:   layout_regular_city, alex1729_snake_entry_snake,
          kennysheep_abandoned_house, serial_bayou_shore_b
Lair:3:   layout_cave_pods, shoals_dummy_entry, grunt_megastairs_2
Lair:4:   layout_misc_corridors, st_stairs_6, grunt_megastairs_1
Lair:5:   minmay_lair_end_enchanted_forest, layout_loops_ring,
          minmay_slime_entry_jelly_boxes, serial_bayou_pond_d,
          pdpol_lair_neglected_garden, lemuel_fruit_fields,
          infiniplex_staircase_pool_2

Skill      XL: |  1  2  3  4  5  6  7  8  9 10 11 12 13 14 |
---------------+-------------------------------------------+-----
Axes           | 3 4 5 6 8 9 11 12 13 15 | 15.0
Fighting       | 4 5 6 8 9 10 11 12 13 14 | 14.9
Dodging        | 1 2 3 4 5 7 8 9 10 | 10.0
Shapeshifting  | 1 2 4 5 6 8 |  8.0
Armour         | 6 9 |  9.1
Shields        | 6 |  6.3
Maces & Flails | 2 6 |  6.0

Action                     |  1- 3 |  4- 6 |  7- 9 | 10-12 | 13-15 || total
---------------------------+-------+-------+-------+-------+-------++-------
  Melee: War axe           |    96 |   217 |   176 |       |       ||   489
         Broad axe         |       |       |   120 |   279 |       ||   399
         Shillelagh        |       |       |       |    85 |    68 ||   153
         Lochaber axe      |       |       |       |       |   355 ||   355
         Maw               |       |       |       |       |     1 ||     1
 Invoke: Heroism           |       |       |       |       |     2 ||     2
  Evoke: Wand              |       |       |       |     1 |     3 ||     4
    Use: Scroll            |     2 |     5 |     7 |     7 |     6 ||    27
         Potion            |       |     5 |     4 |     1 |     3 ||    13
   Stab: Invisible         |       |       |       |       |     1 ||     1
         Petrified         |       |       |       |       |     5 ||     5
 Armour: Scale mail        |    28 |       |       |       |       ||    28
         Chain mail        |    21 |   107 |   161 |   190 |   390 ||   869
  Dodge: Dodged            |    46 |    70 |   135 |   181 |   325 ||   757
  Block: Buckler           |    25 |    33 |    56 |   171 |    53 ||   338
         Form:             |       |       |       |       |     1 ||     1
         Maw               |       |       |       |       |     1 ||     1

Table legend: (Time is in decaauts)
 A = Elapsed time spent in this place.
 B = Non-inter-level travel time spent in this place.
 C = Inter-level travel time spent in this place.
 D = Time resting spent in this place.
 E = Time spent auto-exploring this place.
 F = Levels seen in this place.
 G = Mean time per level.
                   A        B        C        D        E       F      G
               +--------+--------+--------+--------+--------+-----+--------+
         Total |  13965 |  13502 |    463 |    702 |   8859 |  18 |  775.8 |
       Dungeon |   9617 |   9278 |    339 |    702 |   5776 |  11 |  874.3 |
        Temple |     28 |     28 |      0 |      0 |      0 |   1 |   28.0 |
          Lair |   3684 |   3561 |    123 |      0 |   2766 |   5 |  736.8 |
         Sewer |    634 |    634 |      0 |      0 |    316 |   1 |  634.0 |
               +--------+--------+--------+--------+--------+-----+--------+

Top non-repeatable levels by time:
     D:4: 1224 daAuts
    D:11: 1196 daAuts
     D:5: 1112 daAuts
     D:8: 1104 daAuts
  Lair:2: 1070 daAuts
  Lair:3: 1038 daAuts
     D:3: 1013 daAuts
  Lair:1: 795 daAuts
     D:1: 786 daAuts
     D:6: 774 daAuts
  Lair:4: 753 daAuts
     D:9: 746 daAuts
     D:7: 714 daAuts
   Sewer: 634 daAuts
    D:10: 505 daAuts
